 Dungeon Crawl Stone Soup version 0.31.0-9-g3a7656b989 (webtiles) character file.

Game seed: 15765534973093428594

101 qw the Shooter (level 4, -4/22 HPs)
             Began as a Spriggan Hunter on Feb 3, 2024.
             Killed by nerve-wracking pain
             ... invoked by an orc priest
              (14 damage)
             ... on level 3 of the Dungeon.
             The game lasted 00:00:07 (2583 turns).

qw the Shooter (Spriggan Hunter)                    Turns: 2583, Time: 00:00:07

Health: -4/22      AC:  2    Str:  7    XL:     4   Next: 48%
Magic:  5/5        EV: 20    Int: 10    God:
Gold:   188        SH:  0    Dex: 20    Spells: 3/3 levels left

rFire   . . .        a - +1 shortbow
rCold   . . .        (shield currently unavailable)
rNeg    . . .        c - +0 robe
rPois   .            (helmet restricted)
rElec   .            (no cloak)
rCorr   .            (gloves unavailable)
SInv    +            (boots unavailable)
Will    .....        d - amulet of the acrobat
Stlth   ++           (no ring)
HPRegen 0.23/turn    (no ring)
MPRegen 0.09/turn

%: acrobat
@: very quick
A: very small, no large weapons, unfitting armour, see invisible, speed 3
a: no special abilities


You were on level 3 of the Dungeon.
You visited 1 branch of the dungeon, and saw 3 of its levels.

You collected 188 gold pieces.


Innate Abilities, Weirdness & Mutations

You are very small and have problems with some larger weapons.
You are too small for most types of armour.
You have supernaturally acute eyesight. (SInv)
You cover ground extremely quickly. (Speed+++)


   Skills:
 + Level 1.6 Fighting
 - Level 5.0 Ranged Weapons
 - Level 5.0 Dodging
 - Level 1.5 Stealth


You had 3 spell levels left.
You didn't know any spells.
Your spell library was empty.

Inventory:

Hand Weapons
 a - a +1 shortbow (weapon)
Armour
 c - a +0 robe (worn)
Jewellery
 d - an amulet of the acrobat (around neck)
Wands
 k - a wand of light (13)
Scrolls
 b - a scroll of teleportation {unknown}
 e - a scroll of poison {unknown}
 f - a scroll of silence {unknown}
Potions
 g - a potion of curing {unknown}
 h - 2 potions of mutation {unknown}
 i - a potion of ambrosia {unknown}

Dungeon Overview and Level Annotations

Branches:
Dungeon (3/15)

Altars:


Message History

You shoot an arrow. The arrow hits the endoplasm.
The endoplasm is lightly wounded.
You shoot an arrow. The arrow hits the endoplasm!
You kill the endoplasm! 2 orcs come into view.
Found an escape hatch in the ceiling.
The orc shouts!
You hear a shout! x2
You shoot an arrow. The arrow hits the orc!
You kill the orc!
An orc priest comes into view. It is wielding a +0 hand axe.
An orc comes into view. It is wielding a +0 dagger.
The orc hits you with a +0 dagger.
The orc priest moves out of view.
You shoot an arrow. The arrow hits the orc.
The orc is almost dead.
The orc barely misses you.
You shoot an arrow. The arrow hits the orc.
You kill the orc!
The orc priest calls down the wrath of Beogh upon you.
Beogh smites you!
Ouch! That really hurt!
Your Dodging skill increases to level 5!
You shoot an arrow. The arrow hits the orc.
The orc is severely wounded.
The orc barely misses you.
You shoot an arrow. The arrow hits the orc.
You kill the orc!
You shoot an arrow. The arrow hits the orc priest.
The orc priest is lightly wounded.
You start resting.
An orc priest is nearby!
You shoot an arrow. The arrow hits the orc priest.
The orc priest is heavily wounded.
You start resting.
An orc priest is nearby!
You shoot an arrow. The arrow hits the orc priest.
The orc priest is severely wounded.
The orc priest mumbles some strange prayers to Beogh against you.
Pain shoots through your body!
Ouch! That really hurt!
You die...

#####
..<..
.)..
###..###
#..o.).#
#@# #.#
#.# #.#
#.# #.#
#.# #.#
####.####


You could see an orc priest.

Vanquished Creatures
  2 adders (D:2)
  4 dart slugs (D:1)
  2 ribbon worms
  3 orcs (D:3)
  4 ball pythons
  12 endoplasms
  8 goblins (D:1)
  5 hobgoblins
  4 jackals (D:1)
  A kobold (D:1)
  A quokka (D:3)
  8 bats
  4 frilled lizards (D:1)
  4 rats
62 creatures vanquished.

Notes
Turn   | Place    | Note
-------+----------+-------------------------------------------
     0 | D:1      | qw the Spriggan Hunter began the quest for the Orb.
     0 | D:1      | Reached XP level 1. HP: 10/10 MP: 2/2
     0 | D:1      | 0 ||| qw: Version: 0.3-a-155-g5e7d8dd
     0 | D:1      | 0 ||| qw: Game counter: 2972
     0 | D:1      | 0 ||| qw: Melee chars always use a shield: true
     0 | D:1      | 0 ||| qw: God list: Okawaru
     0 | D:1      | 0 ||| qw: Allow faded altars: false
     0 | D:1      | 0 ||| qw: Do Orc after clearing Dungeon:15 true
     0 | D:1      | 0 ||| qw: Do second Lair branch before Depths: true
     0 | D:1      | 0 ||| qw: Lair rune preference: random
     0 | D:1      | 0 ||| qw: Goals: Normal
     0 | D:1      | 0 ||| PLANNING D:1-11
    31 | D:1      | Reached skill level 3 in Dodging
   199 | D:1      | Reached XP level 2. HP: 14/14 MP: 3/3
   202 | D:1      | 202 ||| RETREEEEATING.
   408 | D:1      | 408 ||| RETREEEEATING.
   424 | D:1      | Reached XP level 3. HP: 17/18 MP: 4/4
   770 | D:1      | 770 ||| UPGRADING to amulet of the acrobat.
   775 | D:1      | 775 ||| READING scroll labelled GEOB TIHANATA.
   776 | D:1      | 776 ||| READING scroll labelled PAUSHA ELUTS.
   807 | D:1      | 807 ||| DROPPING scroll of butterflies.
  1313 | D:2      | Reached XP level 4. HP: 22/22 MP: 5/5
  2023 | D:2      | 2023 ||| READING scroll labelled UTUICR QUECI.
  2024 | D:2      | 2024 ||| READING scroll labelled GOHUCK IT UWU.
  2024 | D:2      | 2024 ||| ENCHANTING +0 shortbow.
  2025 | D:2      | 2025 ||| READING scroll labelled CAROMNAG PAESM.
  2025 | D:2      | 2025 ||| IDENTIFYING sedimented yellow potion
  2026 | D:2      | 2026 ||| DROPPING potion of invisibility.
  2583 | D:3      | Killed from afar by an orc priest

Levels and vault maps discovered:
D:1:      ncdulo_halloftheorcs, layout_loops_ring, nrook_mini_vaults,
          minmay_heptomino_w4
D:2:      layout_basic, chequers_serial_rivers_micro_a
D:3:      cheibrodos_old_hovel, layout_loops_cross,
          lemuel_coloured_pillars_altar, nicolae_houndstooth_variations

Skill      XL: |  1  2  3  4 |
---------------+-------------+-----
Dodging        | 3 4 5 |  5.0
Ranged Weapons | 5 |  5.0
Fighting       | |  1.6
Stealth        | |  1.5

Action                     |  1- 3 |  4- 6 || total
---------------------------+-------+-------++-------
   Fire: Shortbow          |   114 |    47 ||   161
    Use: Scroll            |     2 |     3 ||     5
 Armour: Robe              |    12 |     2 ||    14
  Dodge: Dodged            |    47 |    10 ||    57

Table legend:
 A = Non-vault XP
 B = Vault XP
 C = Vault XP percentage of total XP
 D = Non-vault monster count
 E = Vault monster count
 F = Vault count percentage of total count
                 A         B        C        D         E       F
            +---------+---------+-------+---------+---------+-------
      Total |     128 |      17 |  11.7 |      54 |       8 |  12.9
            +---------+---------+-------+---------+---------+-------
        D:1 |      56 |      15 |  21.1 |      30 |       7 |  18.9
        D:2 |      44 |       0 |   0.0 |      12 |       0 |   0.0
        D:3 |      28 |       2 |   6.7 |      12 |       1 |   7.7
            +---------+---------+-------+---------+---------+-------
